AoeStats
← [GDL] Maldito Pantoja

MegaRandom

508354625Analyzed
4v4 RM · 10d ago on Sep 22, 2026· 16m 55s· 8 players
Game mode
Random Map
Map size
Large (8 player)
Population
200
Speed
Normal
Resources
Standard
Victory
Conquest
Starting age
Dark Age
Ending age
Imperial Age
RankedLock teamsTeams togetherTeam positionsShared explorationLock speedFull tech treeHidden civsTurbo modeCheats
Victory
Defeat
🇺🇸 Hindustanis · United States
1190
+12
🇨🇦 Ethiopians · Canada
1175
+13
🇨🇳 Huns · China
1165
+13
🇲🇽 Mongols · Mexico
1143
+14
🇺🇸 Romans · United States
1155
-15
🇺🇸 Franks · United States
1097
-13
🇺🇸 Cumans · United States
1088
-12
🇺🇸 Vietnamese · United States
1071
-12
Sanzy
6:40 Loom
9:13 Feudal Age
13:26 Double-Bit Axe
14:01 Horse Collar
16:17 Fletching
[GDL] Maldito Pantoja
7:32 Loom
9:43 Feudal Age
12:14 Forging
17:40 Scale Barding Armor
trashypanda
7:45 Loom
10:04 Feudal Age
10:20 Man-at-Arms
11:04 Double-Bit Axe
15:15 Horse Collar
435589836
2:03 Loom
11:29 Feudal Age
13:23 Double-Bit Axe
15:48 Castle Age
16:42 Wheelbarrow
16:47 Stone Mining
Cumstain
0:29 Loom
10:56 Feudal Age
9:12 Loom
13:01 Double-Bit Axe
17:06 Castle Age
16:00 Gold Mining
WiilllChRisISTOXXIC
0:56 Loom
11:39 Feudal Age
Codeblue
0:36 Loom
12:58 Feudal Age
14:26 Double-Bit Axe
chicken
6:42 Loom
9:46 Feudal Age
10:27 Double-Bit Axe
Connection lost

Rejoining the realm…

Still unreachable

The connection could not be restored.

Session expired

The server has moved on; the page needs a fresh start.